cohdb
Replays
Latest Replays
All Replays
Popular Replays
Top Player Replays
Match Explorer
How It Works
Community
CoH3 Stats
Reddit
Sign in to upload your games and track your stats! →
Sign in with Steam
Match 24560474
Unlisted
Match 24560474
Overview
Messages
Build Orders
End
Construct Barracks
Riflemen Squad
Riflemen Squad
M1 Mortar Team
Riflemen Squad
Construct Medical Station
Infantry Support Center
Construct Weapon Support Center
M3 Armored Personnel Carrier
Sniper
Construct Tank Depot
M1918 Browning Automatic Rifles
Engineer Squad
Bananenratte
Dreckschleuder
Bimbi
General Feldsalat
Phenomensky
Fratley
Wander MOR
Eachen
0
0
Comments
sign in to comment!
No comments posted yet!